 Dungeon Crawl Stone Soup version 0.28-a0-1080-g05a166d0ed (webtiles) character file.

Game seed: 29323554341249713

408 jasper the Chopper (level 6, -3/38 HPs)
             Began as a Tengu Fighter on Dec 9, 2021.
             Slain by a mummy (7 damage)
             ... in an ossuary.
             The game lasted 00:05:18 (3241 turns).

jasper the Chopper (Tengu Fighter)                  Turns: 3241, Time: 00:05:18

Health: -3/38      AC:  7    Str: 19    XL:     6   Next: 88%
Magic:  7/7        EV: 11    Int:  8    God:
Gold:   102        SH:  5    Dex: 13    Spells: 5/5 levels left

rFire   . . .      SeeInvis .   f - +2 broad axe (venom)
rCold   . . .      Faith    .   c - +0 buckler
rNeg    . . .      Spirit   .   b - +0 scale mail
rPois   .          Reflect  .   (helmet restricted)
rElec   .          Harm     .   (no cloak)
rCorr   .          Rampage  .   (no gloves)
Will    .....                   (boots unavailable)
Stlth   ..........              (no amulet)
HPRegen 0.12/turn               (no ring)
MPRegen 0.10/turn               (no ring)

@: flying quickly and evasively, quick
A: beak, talons 3, nimble flight
a: no special abilities


You were in an ossuary.
You visited 1 branch of the dungeon, and saw 4 of its levels.
You also visited: Ossuary.

You collected 102 gold pieces.

Inventory:

Hand Weapons
 a - a +0 war axe
 e - a +0 whip
 f - a +2 broad axe of venom (weapon)
Missiles
 k - 6 poisoned darts (quivered)
Armour
 b - a +0 scale mail (worn)
 c - a +0 buckler (worn)
Jewellery
 l - a ring of fire
Potions
 d - a potion of might
 g - a potion of magic
 j - a potion of ambrosia {unknown}
 n - a potion of curing {unknown}


   Skills:
 + Level 4.2 Fighting
 * Level 5.4 Axes
 + Level 4.6 Armour
 - Level 4.0 Shields


You had 5 spell levels left.
You didn't know any spells.
Your spell library was empty.

Dungeon Overview and Level Annotations

Branches:
Dungeon (4/15)            Ossuary (1/1)
 Temple: D:4-7

Altars:


Innate Abilities, Weirdness & Mutations

You have a beak for a mouth.
You have claws for feet.
Your magical nature lets you fly swiftly and evasively.


Message History

The elf zombie barely misses you. The elf zombie closely misses you.
You take 6 damage, and have 27/38 hp.
You hit the elf zombie.
You destroy the elf zombie!
You slash the elf zombie! The elf zombie misses you.
Your Fighting skill increases to level 4!
Your Axes skill increases to level 5!
You slash the elf zombie!
The elf zombie is moderately damaged.
The elf zombie hits you.
You take 3 damage, and have 24/38 hp.
You slash the elf zombie!
The elf zombie is heavily damaged.
The elf zombie barely misses you.
You slash the elf zombie! Your kick misses the elf zombie.
You peck the elf zombie.
The elf zombie is severely damaged.
The elf zombie hits you.
You take 4 damage, and have 21/38 hp.
You slash the elf zombie! You peck the elf zombie.
The elf zombie is almost destroyed.
You block the elf zombie's attack. The elf zombie hits you.
You take 3 damage, and have 18/38 hp.
You slash the elf zombie!
You destroy the elf zombie!
You start resting.
A mummy comes into view.
You regained 2 hp, and now have 20/38 hp.
The mummy hits you!
* * * LOW HITPOINT WARNING * * *
You take 17 damage, and have 4/38 hp.
MASSIVE DAMAGE!!
You completely miss the mummy. You claw the mummy.
The mummy is lightly damaged.
You hit the mummy but do no damage. You claw the mummy!
The mummy is heavily damaged.
The mummy closely misses you.
You barely miss the mummy. You peck the mummy.
The mummy is severely damaged.
The mummy hits you!
You die...

#####################
....................#
...............M....#
........8..8....@...#
....................#
...######..######...#
...# #.^# #...# ...#
#^^# #...# ...# #.^#
#...# ...# .... #...#
...# ....## #...#
...# ....# #...#


You could see a mummy.

Vanquished Creatures
  2 elf zombies (Ossuary)
  Blork the orc (D:4)
  A centaur zombie (Ossuary)
  A centaur skeleton (D:2)
  An adder (D:2)
  3 gnolls
  3 worms (D:2)
  2 dart slugs
  An orc (D:4)
  4 ball pythons
  8 endoplasms
  2 giant cockroaches (D:2)
  8 goblins
  A hobgoblin (D:2)
  3 jackals (D:2)
  4 kobolds
  6 quokkas
  6 bats (D:2)
  2 frilled lizards
  2 goblin zombies (Ossuary)
  6 hobgoblin zombies (Ossuary)
  8 kobold zombies (Ossuary)
  9 orc zombies (Ossuary)
  11 rats (D:1)
  A rat zombie (Ossuary)
96 creatures vanquished.

Notes
Turn   | Place    | Note
-------+----------+-------------------------------------------
     0 | D:1      | jasper the Tengu Fighter began the quest for the Orb.
     0 | D:1      | Reached XP level 1. HP: 14/14 MP: 2/2
   162 | D:1      | Reached XP level 2. HP: 19/19 MP: 3/3
   538 | D:1      | Found a faded altar of an unknown god.
   665 | D:1      | Reached XP level 3. HP: 23/23 MP: 4/4
  1194 | D:1      | Identified a scroll of acquirement
  1194 | D:1      | Acquired a +2 broad axe of venom
  1330 | D:2      | Reached skill level 3 in Axes
  1562 | D:1      | Reached XP level 4. HP: 23/28 MP: 5/5
  2106 | D:2      | Gained mutation: Your magical nature lets you fly swiftly
                  | and evasively. [Tengu growth]
  2106 | D:2      | Reached XP level 5. HP: 32/32 MP: 6/6
  2539 | D:3      | Noticed a steam dragon
  2649 | D:3      | Reached skill level 4 in Axes
  2774 | D:4      | Noticed Blork the orc
  2785 | D:4      | Killed Blork the orc
  2846 | D:4      | Found a sand-covered staircase.
  2850 | Ossuary  | Entered an ossuary
  3097 | Ossuary  | Reached XP level 6. HP: 38/38 MP: 7/7
  3212 | Ossuary  | Reached skill level 5 in Axes
  3241 | Ossuary  | Slain by a mummy

Illustrated notes

Levels and vault maps discovered:
D:1:      heliophobic_arrival_glass_houses, layout_loops_corners,
          hellmonk_ecumenical_altar_heavens_door, minivault_5,
          minmay_rat_gold_closets
D:2:      layout_basic, kennysheep_generic_room_3
D:3:      layout_rooms, nicolae_tso_swordbearing_angel,
          nzn_wu_jian_contemplation
D:4:      layout_loops_cross, nicolae_dithmenos_the_darkroom, minitemple,
          nicolae_ossuary_entry_plus, roderic_lattice_a,
          hangedman_abyss_or_decor_stagger, uniq_blork_the_orc, uniq_ijyb
Ossuary:  ossuary_tomb_1

Skill      XL: |  1  2  3  4  5  6 |
---------------+-------------------+-----
Shields        | 4 |  4.0
Axes           | 3 4 5 |  5.4
Armour         | 4 |  4.6
Fighting       | 4 |  4.2

Action                   |  1- 3 |  4- 6 || total
-------------------------+-------+-------++-------
Melee: War axe           |    50 |       ||    50
       Kick              |    19 |    27 ||    46
       Peck              |    14 |    17 ||    31
       Broad axe         |    20 |   110 ||   130
Throw: Dart              |       |    10 ||    10
  Use: Scroll            |     2 |     2 ||     4
       Potion            |       |     1 ||     1
Armor: Scale mail        |    29 |    47 ||    76
       Skin              |       |     1 ||     1
Dodge: Dodged            |    31 |    61 ||    92
Block: Buckler           |    16 |    28 ||    44

Table legend: (Time is in decaauts)
 A = Elapsed time spent in this place.
 B = Non-inter-level travel time spent in this place.
 C = Inter-level travel time spent in this place.
 D = Time resting spent in this place.
 E = Time spent auto-exploring this place.
 F = Levels seen in this place.
 G = Mean time per level.
                   A        B        C        D        E       F      G
               +--------+--------+--------+--------+--------+-----+--------+
         Total |   3253 |   3098 |    155 |   1003 |   1421 |   5 |  650.6 |
       Dungeon |   2855 |   2700 |    155 |    793 |   1417 |   4 |  713.8 |
       Ossuary |    397 |    397 |      0 |    210 |      3 |   1 |  397.0 |
               +--------+--------+--------+--------+--------+-----+--------+

Top non-repeatable levels by time:
     D:1: 1739 daAuts
     D:2: 889 daAuts
 Ossuary: 397 daAuts
     D:4: 126 daAuts
     D:3: 100 daAuts
